 Dungeon Crawl Stone Soup version 0.27.1 (webtiles) character file.

Game seed: 7852602994111034748

193 oldmanjim the Skirmisher (level 5, -2/44 HPs)
             Began as a Merfolk Fighter on Aug 29, 2021.
             Slain by a jelly (3 damage)
             ... on level 3 of the Dungeon.
             The game lasted 00:11:42 (3474 turns).

oldmanjim the Skirmisher (Merfolk Fighter)          Turns: 3474, Time: 00:11:44

Health: -2/44      AC:  0    Str: 17    XL:     5   Next: 72%
Magic:  5/5        EV:  7    Int:  7    God:
Gold:   166        SH:  9    Dex: 14    Spells: 4/4 levels left

rFire    . . .     SeeInvis .   a - +0 trident
rCold    . . .     Faith    .   c - +0 kite shield
rNeg     . . .     Spirit   .   b - +0 scale mail
rPois    .         Reflect  .   (no helmet)
rElec    .         Harm     .   (no cloak)
rCorr    .         Rampage  .   n - +0 pair of gloves
Will     .....                  q - +0 pair of boots
Stlth    +.........             (no amulet)
HPRegen  0.14/turn              (no ring)
MPRegen  0.09/turn              (no ring)

@: corroded
A: (nimble swimmer 2), mertail
a: no special abilities


You were on level 3 of the Dungeon.
You visited 1 branch of the dungeon, and saw 4 of its levels.

You collected 166 gold pieces.

Inventory:

Hand Weapons
 a - a +0 trident (weapon)
Missiles
 i - 73 bolts
 k - 200 stones
 m - 4 boomerangs
 r - 17 poisoned darts (quivered)
 s - 12 arrows
Armour
 b - a +0 scale mail (worn)
 c - a +0 kite shield (worn)
 n - a +0 pair of gloves (worn)
 q - a +0 pair of boots (worn)
Jewellery
 g - a ring of fire
Scrolls
 f - a scroll of noise {unknown}
 h - 2 scrolls of teleportation {unknown}
 j - a scroll of fear
 l - a scroll of amnesia {unknown}
 o - a scroll of magic mapping {unknown}
 p - 5 scrolls of identify {unknown}
 u - a scroll of fog {unknown}
Potions
 d - 2 potions of might
 e - a potion of invisibility {unknown}
 t - a potion of curing {unknown}


   Skills:
 - Level 5.0 Fighting
 + Level 4.5 Polearms
 - Level 2.1 Armour
 * Level 2.5 Stealth
 + Level 3.8 Shields


You had 4 spell levels left.
You didn't know any spells.
Your spell library contained the following spells:

 Spells                   Type           Power      Damage    Failure   Level
 Apportation              Tloc           0%         N/A       100%        1
 Alistair's Intoxication  Tmut/Pois      0%         N/A       100%        5
 Invisibility             Hex            0%         N/A       100%        6


Dungeon Overview and Level Annotations

Branches:
Dungeon (4/15)
 Temple: D:4-7

Altars:
Dithmenos
Okawaru
Ru
Sif Muna

Annotations:
D:4 Sigmund


Innate Abilities, Weirdness & Mutations

((You are quick and stealthy near water. (Stealth+, EV+, Speed+++)))
Your lower body shifts to a powerful aquatic tail in water.


Message History

You kill the ufetubus!
Training target 5.0 for Fighting reached!
Your Fighting skill increases to level 5!
You start resting.
HP restored.
Welcome back, oldmanjim the Merfolk Fighter.
Press ? for a list of commands and other information.
Partly explored, can't reach some items and places.
Sorry, you're not good enough to have a special ability.
You don't know any spells.
There is a stone staircase leading down here.
You climb downwards.
Level annotation: Sigmund You block the jelly's attack.
The jelly hits you but does no damage.
There is a stone staircase leading up here.
Sigmund hits you from afar with a +0 scythe!
You block the jelly's attack.
You climb upwards.
There is a stone staircase leading down here.
You puncture the jelly! The acid corrodes you!
Your hands burn!
The jelly is heavily wounded.
You block the jelly's attack.
You hit the jelly but do no damage.
Your hands burn!
The jelly is heavily wounded.
The jelly hits you.
You are splashed with acid!
You are too injured to fight recklessly!
You hit the jelly. The acid corrodes you!
Your hands burn!
The jelly is heavily wounded.
The jelly hits you.
* * * LOW HITPOINT WARNING * * *
You are splashed with acid.
* * * LOW HITPOINT WARNING * * *
Your shield prevents you from hitting the jelly.
The jelly is heavily wounded.
The jelly hits you.
* * * LOW HITPOINT WARNING * * *
You are splashed with acid.
* * * LOW HITPOINT WARNING * * *
The jelly hits you.
You die...

# ####### ########### ......#
#.........# #####.# #.#######.#
.# #.# #.# ###>### ##
##.####.#####.....####### #
#...........#.###.......#
##..####.###..J# #.#####.#
#.....##.# ###@###.# #.#
#.....##.#####.....# #.#
#.....##.........#######.##
#.....##########..........#
###.....####### #.#######.######
.###..........# #.# #........ .#
#...######.# #.# #.#######
########## #######.######.#..>...
..#..#...###..#............>#####


You could see a jelly.

Vanquished Creatures
  A bullfrog (D:3)
  A bullfrog skeleton (D:3)
  4 adders
  An ufetubus (D:3)
  An adder skeleton (D:4)
  2 orcs (D:3)
  7 ball pythons
  8 bats
  5 endoplasms
  4 giant cockroaches
  6 goblins
  5 hobgoblins
  2 quokkas
  5 frilled lizards
  7 kobolds
  2 rats (D:1)
61 creatures vanquished.

Vanquished Creatures (others)
  2 plants (D:2)
2 creatures vanquished.

Grand Total: 63 creatures vanquished

Notes
Turn   | Place    | Note
-------+----------+-------------------------------------------
     0 | D:1      | oldmanjim the Merfolk Fighter began the quest for the Orb.
     0 | D:1      | Reached XP level 1. HP: 18/18 MP: 1/1
   234 | D:1      | Reached XP level 2. HP: 24/24 MP: 2/2
   599 | D:1      | Reached skill level 1 in Stealth
   708 | D:1      | Reached XP level 3. HP: 30/30 MP: 3/3
  1276 | D:2      | Found a shadowy altar of Dithmenos.
  1736 | D:2      | Found a faded altar of an unknown god.
  1857 | D:3      | Reached skill level 4 in Fighting
  2031 | D:3      | Reached XP level 4. HP: 33/37 MP: 4/4
  2198 | D:3      | Found an iron altar of Okawaru.
  2386 | D:3      | Found a shimmering blue altar of Sif Muna.
  2480 | D:3      | Noticed a bullfrog
  2490 | D:3      | Killed a bullfrog
  2491 | D:3      | Reached XP level 5. HP: 38/43 MP: 5/5
  2601 | D:3      | Found a sacrificial altar of Ru.
  3144 | D:4      | Noticed Sigmund
  3198 | D:3      | Reached skill level 5 in Fighting
  3474 | D:3      | HP: 1/44 [acid (6)]
  3474 | D:3      | Slain by a jelly

Illustrated notes

Levels and vault maps discovered:
D:1:      nzn_arrival_settlement, layout_basic, serial_curves, eino_curves_03,
          eino_curves_03, minmay_tetromino_i4
D:2:      layout_loops_ring, shapermc_ecumenical_altar_mp_urbaneastern,
          basic_altar
D:3:      minmay_razor_zed, layout_loops_ring, okawaru_ov_weapons_minmay,
          amcnicky_altar_gilded, nicolae_ru_awakened_eye, lemuel_old_faithful
D:4:      minmay_clustersquares, layout_basic, minmay_temple_entry_crystal_x,
          uniq_duvessa, uniq_sigmund

Skill      XL: |  1  2  3  4  5 |
---------------+----------------+-----
Stealth        | 1 2 |  2.5
Fighting       | 4 5 |  5.0
Polearms       | 4 |  4.5
Armour         | |  2.1
Shields        | |  3.8

Action                   |  1- 3 |  4- 6 || total
-------------------------+-------+-------++-------
Melee: Trident           |   135 |    85 ||   220
  Use: Scroll            |     1 |       ||     1
Armor: Scale mail        |    51 |    64 ||   115
Dodge: Dodged            |    44 |    33 ||    77
Block: Kite shield       |    58 |    47 ||   105
